 Dungeon Crawl Stone Soup version 0.22-a0-601-gb0ed703 (webtiles) character file.

108 sking99 the Grave Robber (level 4, 0/29 HPs)
             Began as an Octopode Wanderer on July 6, 2018.
             Slain by a jackal (2 damage)
             ... on level 3 of the Dungeon.
             The game lasted 00:06:23 (2274 turns).

sking99 the Grave Robber (Octopode Wanderer)        Turns: 2274, Time: 00:06:24

Health: 0/29       AC:  1    Str: 12    XL:     4   Next: 87%
Magic:  6/7        EV: 14    Int: 13    God:
Gold:   72         SH:  0    Dex: 12    Spells: 6/8 levels left

rFire    . . .     SeeInvis .   g - -3 falchion (curse)
rCold    . . .     Gourm    .   (no shield)
rNeg     . . .     Faith    .   (helmet restricted)
rPois    .         Spirit   .   (no amulet)
rElec    .         Reflect  .   (no ring)
rCorr    .         Harm     .   (no ring)
MR       .....                  (no ring)
Stlth    +++.......             (no ring)
HPRegen  0.09/turn              (no ring)
MPRegen  0.10/turn              (no ring)
                                (no ring)
                                (no ring)

@: no status effects
A: almost no armour, stealthy swim, amphibious, 8 rings, constrict 8, camouflage
1, gelatinous body 1
a: no special abilities


You were on level 3 of the Dungeon.
You were not hungry.

You visited 1 branch of the dungeon, and saw 3 of its levels.

You collected 72 gold pieces.

Inventory:

Hand Weapons
 a - a +0 whip
 g - a cursed -3 falchion (weapon)
 j - a +0 vampiric whip
Missiles
 d - a throwing net (quivered)
Scrolls
 b - a scroll of teleportation {unknown}
 e - a scroll of random uselessness {unknown}
 h - a scroll of identify {unknown}
 l - a scroll of enchant weapon {unknown}
Potions
 c - a potion of lignification
 i - a potion of magic {unknown}
Comestibles
 f - 3 rations


   Skills:
 - Level 2.0 Fighting
 + Level 2.8 Dodging
 - Level 1.3 Stealth
 - Level 3.0 Unarmed Combat
 + Level 2.6 Spellcasting
 - Level 3.0 Necromancy
   Level 1.1 Evocations


You had 6 spell levels left.
You knew the following spells:

 Your Spells              Type           Power        Failure   Level  Hunger
a - Pain                  Necr           #...         7%          1    #......
b - Animate Skeleton      Necr           N/A          7%          1    #......

Your spell library contained the following spells:

 Spells                   Type           Power        Failure   Level  Hunger
 Apportation              Tloc           #.....       24%         1    #......
 Teleport Other           Tloc           #.......     58%         3    ###....
 Animate Dead             Necr           N/A          56%         4    #####..
 Vampiric Draining        Necr           #.........   22%         3    ###....
 Regeneration             Chrm/Necr      #.........   36%         3    ###....


Dungeon Overview and Level Annotations

Branches:
Dungeon (3/15)

Altars:
Gozag


Innate Abilities, Weirdness & Mutations

You cannot wear most types of armour.
You are very stealthy in the water. (Stealth+)
You are amphibious.
You can wear up to eight rings at the same time.
You can use your tentacles to constrict eight enemies at once.
Your skin changes colour to match your surroundings (Stealth+).
Your rubbery body absorbs attacks. (AC +1, EV +1)


Message History

You constrict the orc priest, but do no damage.
The bat closely misses you.
The orc priest mumbles some strange prayers to Beogh against you.
Pain shoots through your body!
A jackal comes into view.
You release your grip on the orc priest.
The orc hits you.
The orc priest mumbles some strange prayers to Beogh against you.
Beogh smites you!
* * * LOW HITPOINT WARNING * * *
The bat hits you but does no damage.
Things that are here:
a war axe of chopping; a leather armour; an orc corpse
Casting: Animate Skeleton (safe; 7% risk of failure)
Confirm with . or Enter, or press ? or * to list all spells.
You attempt to give life to the dead...
Before your eyes, flesh is ripped from the corpse!
The dead are walking!
The bat barely misses you. The bat hits your orc skeleton.
The jackal bites you.
You die...

.## .. # ##.# #
#. ...# .# ##.
#..# ..##
##h..###..##.....
#..?.h...Z......
......ohbo....#
###..###@###.#.
##.###....##
#.)...<...#
##########.# #


You could see an orc priest, an orc, 3 jackals, a bat and a friendly orc
skeleton.

Vanquished Creatures
  Jessica (D:2)
  Robin (D:2)
  A gnoll (D:1)
  An ooze (D:1)
  3 dart slugs
  A leopard gecko (D:2)
  An orc (D:3)
  A ball python (D:1)
  6 bats
  A giant cockroach (D:1)
  6 goblins
  11 hobgoblins
  4 jackals (D:2)
  4 kobolds
  2 rats
44 creatures vanquished.

Vanquished Creatures (collateral kills)
  2 goblins (D:2)
  A hobgoblin (D:2)
  A kobold (D:1)
  A frilled lizard (D:2)
  A rat (D:2)
6 creatures vanquished.

Grand Total: 50 creatures vanquished

Notes
Turn   | Place    | Note
-------+----------+-------------------------------------------
     0 | D:1      | sking99 the Octopode Wanderer began the quest for the Orb.
     0 | D:1      | sking99 set off with: a potion of lignification, a +0 club, a ration
     0 | D:1      | Reached XP level 1. HP: 14/14 MP: 1/1
   398 | D:1      | Learned a level 1 spell: Animate Skeleton
   403 | D:1      | Reached skill level 1 in Dodging
   403 | D:1      | Reached XP level 2. HP: 19/19 MP: 3/3
   418 | D:1      | Reached skill level 1 in Spellcasting
   724 | D:1      | Reached XP level 3. HP: 19/24 MP: 3/5
   897 | D:2      | Learned a level 1 spell: Pain
   948 | D:2      | Noticed Robin
   959 | D:2      | Killed Robin
   971 | D:2      | HP: 1/24 [hobgoblin/club[Robin] (2)]
  1388 | D:2      | Found an opulent altar of Gozag.
  1388 | D:2      | Noticed Jessica
  1392 | D:2      | Killed Jessica
  1392 | D:2      | Reached XP level 4. HP: 25/29 MP: 7/7
  2274 | D:3      | Slain by a jackal

Vault maps used:
D:1:      mrwooster_arrival_statue_2
D:2:      old_standard_altar, first_ration, kennysheep_generic_room_4,
          uniq_robin, uniq_jessica
D:3:      fedhas_altar_1, nicolae_overflow_hidden_temple, uniq_ijyb,
          uniq_natasha

Skill      XL: |  1  2  3 |
---------------+----------+-----
Dodging        | 1 2 |  2.8
Spellcasting   | 1 2 |  2.6
Fighting       | |  2.0
Stealth        | |  1.3
Unarmed Combat | |  3.0
Necromancy     | |  3.0
Evocations     | |  1.1

Action                   |  1- 3 |  4- 6 || total
-------------------------+-------+-------++-------
Melee: Whip              |    59 |       ||    59
       Constrict         |    15 |    14 ||    29
       Tentacles         |    10 |    13 ||    23
       Club              |     1 |       ||     1
       Falchion          |     2 |    33 ||    35
       Punch             |     2 |       ||     2
 Cast: Animate Skeleton  |     6 |     8 ||    14
       Pain              |     8 |     4 ||    12
 Stab: Sleeping          |     4 |     4 ||     8
  Eat: Ration            |     2 |       ||     2
Armor: Skin              |     6 |     3 ||     9
Dodge: Dodged            |    42 |    41 ||    83
       Rpst.: Falchion   |       |    13 ||    13

Table legend:
 A = Spawn XP
 B = Non-spawn XP
 C = Spawn XP percentage of total XP
 D = Spawn monster count
 E = Non-spawn monster count
 F = Spawn count percentage of total count
 G = Total turns spent on level
                    A         B        C        D         E        F      G
               +---------+---------+-------+---------+---------+-------+---------
         Total |       0 |     155 |   0.0 |       0 |      50 |   0.0 |  2274
               +---------+---------+-------+---------+---------+-------+---------
           D:1 |       0 |      49 |   0.0 |       0 |      18 |   0.0 |   894
           D:2 |       0 |     103 |   0.0 |       0 |      31 |   0.0 |  1369
           D:3 |       0 |       3 |   0.0 |       0 |       1 |   0.0 |    11
               +---------+---------+-------+---------+---------+-------+---------
